 Dungeon Crawl Stone Soup version 0.24.1-14-gf8d2b509d9 (webtiles) character file.

Game seed: 7152815019225379641, levelgen mode: deterministic

2593 freezomb the Arsonist (level 9, 0/70 HPs)
             Began as a Grey Draconian Fire Elementalist on May 26, 2020.
             Was a Follower of Vehumet.
             Succumbed to a killer bee's poison
             ... on level 7 of the Dungeon.
             The game lasted 00:46:51 (11415 turns).

freezomb the Arsonist (DrFE)                       Turns: 11415, Time: 00:46:52

Health: 0/70       AC: 14    Str: 12    XL:     9   Next: 33%
Magic:  0/15       EV: 12    Int: 18    God:    Vehumet [*.....]
Gold:   257        SH:  0    Dex: 11    Spells: 4/17 levels left

rFire    . . .     SeeInvis .   n - +2 short sword (protect)
rCold    . . .     Gourm    .   (no shield)
rNeg     . . .     Faith    .   (armour unavailable)
rPois    .         Spirit   .   (helmet restricted)
rElec    .         Reflect  .   (no cloak)
rCorr    .         Harm     .   t - +0 pair of gloves
MR       .....                  p - +0 pair of boots
Stlth    ++........             (no amulet)
HPRegen  0.21/turn              s - ring of wizardry
MPRegen  0.14/turn              (no ring)

@: lethally poisoned (0 -> -2)
A: walk through water, unfitting armour, unbreathing, cold-blooded, AC +12
a: Renounce Religion


You were on level 7 of the Dungeon.
You worshipped Vehumet.
Vehumet was aware of your devotion.
You were hungry.

You visited 2 branches of the dungeon, and saw 8 of its levels.

You collected 257 gold pieces.

Inventory:

Hand Weapons
 n - a +2 short sword of protection (weapon)
 u - a +1 vampiric short sword
Armour
 p - a +0 pair of boots (worn)
 t - a +0 pair of gloves (worn)
 v - a cursed -2 pair of boots
Jewellery
 s - a ring of wizardry (left hand)
Wands
 r - a wand of random effects (17)
 x - a wand of flame (5)
Scrolls
 a - 2 scrolls of identify
 c - a scroll of magic mapping {unknown}
 d - a scroll of remove curse {unknown}
 f - a scroll of blinking {unknown}
 k - 2 scrolls of teleportation {unknown}
 l - 5 scrolls of fear
 m - 2 scrolls of random uselessness {unknown}
 o - a scroll of amnesia {unknown}
 q - a scroll of immolation {unknown}
 w - a scroll of noise {unknown}
Potions
 e - 4 potions of cancellation {unknown}
 g - 7 potions of curing
 h - a potion of ambrosia {unknown}
 i - a potion of flight {unknown}
 j - a potion of heal wounds
Comestibles
 b - 7 rations


   Skills:
 * Level 3.2 Fighting
 + Level 0.3 Short Blades
 - Level 1.7 Dodging
 - Level 1.7 Stealth
 + Level 4.6 Spellcasting
 * Level 8.0 Conjurations
 * Level 8.7 Fire Magic


You had 4 spell levels left.
You knew the following spells:

 Your Spells              Type           Power        Failure   Level  Hunger
a - Flame Tongue          Conj/Fire      ####.        1%          1    None
b - Conjure Flame         Conj/Fire      ####....     1%          3    ###....
c - Sticky Flame          Conj/Fire      ####....     1%          4    ####...
d - Fireball              Conj/Fire      ####......   4%          5    ######.

Your spell library contained the following spells:

 Spells                   Type           Power        Failure   Level  Hunger
 Sandblast                Erth           #.....       6%          1    None
 Throw Flame              Conj/Fire      ####..       1%          2    #......
 Inner Flame              Hex/Fire       ###.....     2%          3    ###....


Dungeon Overview and Level Annotations

Branches:
Dungeon (7/15)             Temple (1/1) D:5

Altars:
Ashenzari
Cheibriados
Elyvilon
Gozag
Hepliaklqana
Kikubaaqudgha
Makhleb
Qazlal
Sif Muna
Trog
Uskayaw
Vehumet
Wu Jian
Xom
Yredelemnul
Zin
The Shining One
Beogh

Annotations:
D:6 3 runed translucent doors, Whitewater's ghost, novice MiBe


Innate Abilities, Weirdness & Mutations

You can walk through water.
Your dull iron-grey scales are very hard. (AC +12)
You cannot fit into any form of body armour.
You can survive without breathing.
You are cold-blooded and may be slowed by cold attacks.


Message History

The killer bee stings you but does no damage.
Casting: Flame Tongue (safe; 1% risk of failure)
Confirm with . or Enter, or press ? or * to list all spells.
Aiming: Flame Tongue (safe; 1% risk of failure)
Press: ? - help, Shift-Dir - straight line, f/p - killer bee
Aim: a killer bee The flame tongue hits the killer bee!
The killer bee is almost dead.
You feel sick. The killer bee barely misses you. The killer bee misses you.
You miss the killer bee.
The killer bee is almost dead.
You feel sick. The killer bee misses you. The killer bee closely misses you.
You miss the killer bee.
The killer bee is almost dead.
The killer bee stings you.
* * * LOW HITPOINT WARNING * * *
The killer bee barely misses you.
You miss the killer bee.
The killer bee is almost dead.
You die...

# #...........#
#...#########
#.......# ...
#.#.###.##### ....
#.#...#....<##.....
..###.##...........
### #............##
####.........#
##@########
###y#######
#.)y.......
#..[.......
#######..........
#................
#................
#................
#................


You could see 2 killer bees.

Vanquished Creatures
  Sigmund (D:3)
  A water moccasin (D:6)
  A phantom (D:5)
  5 ogres
  2 centaurs (D:6)
  3 bullfrogs
  A scorpion (D:5)
  3 killer bees (D:7)
  5 wights (D:7)
  A crimson imp (D:7)
  3 hounds
  2 bullfrog skeletons
  4 orc priests
  2 centaur skeletons
  2 iguanas
  8 worker ants
  8 orc wizards
  Natasha (D:2)
  5 adders
  6 gnolls
  3 adder skeletons
  2 adder zombies (D:5)
  3 worms (D:2)
  4 dart slugs
  A leopard gecko (D:2)
  28 orcs
  8 bats
  3 giant cockroaches
  3 goblins
  8 hobgoblins
  10 jackals
  3 quokkas
  3 ball pythons
  6 frilled lizards
  4 kobolds
  A quokka zombie (D:5)
  10 rats
164 creatures vanquished.

Notes
Turn   | Place    | Note
-------+----------+-------------------------------------------
     0 | D:1      | freezomb the Draconian Fire Elementalist began the quest
                  | for the Orb.
     0 | D:1      | Reached XP level 1. HP: 14/14 MP: 3/3
   183 | D:1      | Reached XP level 2. HP: 6/20 MP: 0/5
  1498 | D:2      | Reached XP level 3. HP: 26/26 MP: 3/6
  1901 | D:2      | Learned a level 3 spell: Conjure Flame
  2352 | D:2      | Reached XP level 4. HP: 11/34 MP: 0/7
  3328 | D:3      | Noticed Natasha
  3335 | D:2      | Killed Natasha
  3873 | D:3      | Reached XP level 5. HP: 38/39 MP: 1/9
  4270 | D:3      | Found a burning altar of Makhleb.
  4270 | D:3      | Noticed an Executioner
  4719 | D:3      | Noticed Sigmund
  5346 | D:3      | HP: 1/39 [Sigmund/+0 scythe (8)]
  5767 | D:3      | Killed Sigmund
  5767 | D:3      | Reached skill level 5 in Fire Magic
  5767 | D:3      | Reached XP level 6. HP: 37/46 MP: 0/11
  5906 | D:3      | Learned a level 4 spell: Sticky Flame
  6649 | D:4      | Your scales start taking on a dull iron-grey colour.
  6649 | D:4      | Reached XP level 7. HP: 30/51 MP: 3/12
  6649 | D:4      | Gained mutation: You can survive without breathing. [Grey
                  | Draconian growth]
  7342 | D:5      | Entered Level 5 of the Dungeon
  7351 | D:5      | Reached skill level 5 in Conjurations
  7954 | D:4      | Reached XP level 8. HP: 58/58 MP: 4/14
  8327 | D:5      | Found a white marble altar of Elyvilon.
  8337 | D:5      | Reached skill level 1 in Fighting
  8500 | D:5      | Found a staircase to the Ecumenical Temple.
  8511 | Temple   | Entered the Ecumenical Temple
  8578 | Temple   | Became a worshipper of Vehumet
  8913 | D:5      | Found a shattered altar of Ashenzari.
  9623 | D:6      | Found a runed translucent gate.
  9645 | D:6      | Found a runed translucent gate.
  9645 | D:6      | Found a runed translucent gate.
  9647 | D:6      | Noticed Whitewater's ghost (novice MiBe)
  9649 | D:6      | Identified the cursed +0 great sword of the Fray {drain,
                  | Str+5 Int+6 Dex-5}
  9650 | D:6      | Found a roughly hewn altar of Beogh.
  9663 | D:6      | Learned a level 5 spell: Fireball
 10307 | D:6      | Reached XP level 9. HP: 55/68 MP: 1/15
 10665 | D:6      | Found an opulent altar of Gozag.
 11317 | D:7      | Reached * piety under Vehumet
 11317 | D:7      | Offered knowledge of Sandblast by Vehumet.
 11414 | D:7      | HP: 1/70 [killer bee (6)]
 11415 | D:7      | Succumbed to a killer bee's poison

Levels and vault maps discovered:
D:1:      dpeg_arrival_three_same_balls, layout_loops_ring, st_stairs_1,
          kennysheep_pointless_box, chequers_garden, minmay_pentomino_s2
D:2:      wad_woods_pond, layout_basic, nicolae_overflow_hidden_temple,
          first_ration
D:3:      layout_basic, makhleb_altar_promises_db, lemuel_flame_loot_1,
          uniq_natasha, uniq_sigmund
D:4:      layout_loops_ring, serial_forest, infiniplex_forest_straight_1,
          infiniplex_forest_corner_1, infiniplex_forest_straight_1,
          infiniplex_forest_corner_1, infiniplex_forest_3_way,
          infiniplex_forest_lined_room_3, infiniplex_forest_zigzag_1,
          infiniplex_forest_corner_1, infiniplex_forest_end_3
D:5:      layout_cave_pods, overflow_temple_1_default, evilmike_ruin_ashenzari,
          minmay_temple_entry_proselytizer, chequers_serial_rivers_small_a
D:6:      layout_loops_ring, nicolae_gozag_seed_capital,
          biasface_ghost_orc_armoury
D:7:      layout_basic, grunt_livestock, minivault_26, minmay_misc_feat_rows,
          minmay_crystal_water, trog_wizard
Temple:   regret_index_temple_waves

Skill      XL: |  1  2  3  4  5  6  7  8  9 |
---------------+----------------------------+-----
Fire Magic     | 4 5 6 8 |  8.7
Conjurations   | 2 3 4 5 7 8 |  8.0
Spellcasting   | 3 4 |  4.6
Fighting       | 2 3 |  3.2
Short Blades   | |  0.3
Dodging        | |  1.7
Stealth        | |  1.7

Action                   |  1- 3 |  4- 6 |  7- 9 || total
-------------------------+-------+-------+-------++-------
Melee: Unarmed           |    65 |    28 |       ||    93
       Tailslap          |     6 |     1 |    22 ||    29
       Short sword       |       |    12 |   232 ||   244
 Cast: Flame Tongue      |    86 |   135 |   196 ||   417
       Conjure Flame     |       |     6 |     9 ||    15
       Fireball          |       |       |     7 ||     7
  Use: Scroll            |       |     1 |     4 ||     5
 Stab: Sleeping          |     1 |       |       ||     1
  Eat: Chunk             |     6 |    11 |    11 ||    28
       Ration            |       |     1 |     2 ||     3
Armor: Skin              |    26 |    19 |   184 ||   229
Dodge: Dodged            |    59 |    46 |   238 ||   343
